Description

Testt

Replay - TefloonZZ

Build Order

Get SALT Encoding   

  12  0:01  Drone  
  13  0:12  Overlord  
  13  0:16  Drone  
  14  0:30  Drone x3  
  17  0:53  Hatchery  
  17  0:56  Drone  
  17  0:59  Extractor  
  17  1:01  Drone  
  17  1:19  Spawning Pool  
  17  1:20  Drone x2  
  19  1:32  Drone  
  21  2:06  Overlord  
  21  2:07  Queen x2  
  26  2:13  Metabolic Boost  
  26  2:18  Zergling x4  
  28  2:25  Overlord  
  32  2:44  Queen  
  34  2:52  Queen  
  38  3:12  Hatchery  
  43  3:45  Overlord x2  
  44  3:49  Extractor x2  
  42  3:56  Roach Warren  
  42  3:58  Evolution Chamber  
  50  4:00  Spore Crawler x3  
Spawning Tool Build Advisor. Get it on Overwolf

Go to:

Details

  • Created by: tefloon
  • Published on: Jul 18, 2020
  • Modified on: Jul 18, 2020
  • Patch: 4.11.0
  • Difficulty: Easy
Show
View Real Time Build Order
Export as new Build Order

Comments (0)

There are no comments. Be the first!

Create an account to comment!